 Dungeon Crawl Stone Soup version 0.29.1-15-g9cfb28693d (webtiles) character file.

Game seed: 16846812830116675333

33244 sanboga the Cleaver (level 13, -2/127 HPs)
             Began as a Gargoyle Fighter on Mar 14, 2023.
             Was a High Priest of Trog.
             Slain by Rupert
             ... wielding a +3 triple sword of draining
              (8 damage)
             ... on level 13 of the Dungeon.
             The game lasted 00:16:25 (12221 turns).

sanboga the Cleaver (Gargoyle Fighter)             Turns: 12221, Time: 00:16:26

Health: -2/127     AC: 31    Str: 25    XL:     13   Next: 69%
Magic:  13/13      EV:  4    Int:  9    God:    Trog [*****.]
Gold:   388        SH:  7    Dex: 15    Spells: 12/12 levels left

rFire   . . .      SeeInvis +   z - +1 broad axe "Vumemnao" {vorpal, rPois SInv Stlth+}
rCold   + . .      Faith    .   c - +0 buckler
rNeg    + + .      Spirit   .   E - +0 plate armour
rPois   ∞          Reflect  .   (no helmet)
rElec   +          Harm     .   t - +2 cloak
rCorr   +          Rampage  .   u - +0 pair of gloves
Will    .....                   D - +0 pair of boots
Stlth   ..........              H - amulet "Caghutru" {rC+ rN+ Regen+ rCorr}
HPRegen 1.11/turn               p - +6 ring of dexterity
MPRegen 0.13/turn               (no ring)

@: berserking, grasped by roots, constricted, very quick
A: sickness immunity, AC +9, negative energy resistance 1, electricity
resistance, torment resistance 1, petrification resistance
a: Renounce Religion, Berserk, Trog's Hand, Brothers in Arms


You were on level 13 of the Dungeon.
You worshipped Trog.
Trog was extremely pleased with you.
You visited 1 branch of the dungeon, and saw 13 of its levels.

You collected 844 gold pieces.
You spent 456 gold pieces at shops.

Inventory:

Hand Weapons
 b - the +8 trident of the Octopus King {venom, rElec rPois}
   (You found it on level 8 of the Dungeon)

   It poisons the flesh of those it strikes.
   rElec:     It insulates you from electricity.
   rPois:     It protects you from poison.
 h - a +2 hand axe of flaming
 z - the +1 broad axe "Vumemnao" (weapon) {vorpal, rPois SInv Stlth+}
   (You found it on level 10 of the Dungeon)

   It inflicts extra damage upon your enemies.
   rPois:     It protects you from poison.
   SInv:      It lets you see invisible.
   Stlth:     It makes you more stealthy.
 B - the +10 dark maul {vorpal}
   (You took it off a two-headed ogre on level 10 of the Dungeon)

   It inflicts extra damage upon your enemies.
Armour
 c - a +0 buckler (worn)
 t - a +2 cloak (worn)
 u - a +0 pair of gloves (worn)
 D - a +0 pair of boots (worn)
 E - a +0 plate armour (worn)
Jewellery
 p - a +6 ring of dexterity (left hand)
 H - the amulet "Caghutru" (around neck) {rC+ rN+ Regen+ rCorr}
   (You found it on level 12 of the Dungeon)

   [amulet of regeneration]

   rC:        It protects you from cold.
   rN:        It protects you from negative energy.
   Regen:     It increases your rate of health regeneration.
   rCorr:     It protects you from acid and corrosion.
Wands
 g - a wand of charming (6)
 v - a wand of polymorph (8)
 C - a wand of roots (5)
 I - a wand of mindburst (4)
Scrolls
 a - a scroll of fog
 e - 4 scrolls of teleportation
 f - 3 scrolls of silence
 k - 2 scrolls of brand weapon
 m - 4 scrolls of enchant weapon
 n - 3 scrolls of blinking
 o - 2 scrolls of magic mapping
 y - 2 scrolls of enchant armour
 F - 2 scrolls of identify
 G - a scroll of fear {unknown}
Potions
 d - 4 potions of might
 i - 2 potions of berserk rage
 j - 2 potions of flight
 l - 2 potions of heal wounds
 q - 4 potions of attraction {unknown}
 r - 3 potions of ambrosia
 s - 7 potions of curing
 w - a potion of invisibility
 x - 2 potions of mutation
 A - a potion of magic


   Skills:
 + Level 11.9 Fighting
 * Level 13.6 Axes
 + Level 11.9 Armour
 + Level 11.9 Shields


You had 12 spell levels left.
You didn't know any spells.
Your spell library contained the following spells:

 Spells                   Type           Power      Damage    Failure   Level
 Apportation              Tloc           0%         N/A       99%         1
 Beastly Appendage        Tmut           0%         N/A       99%         1
 Slow                     Hex            0%         N/A       99%         1
 Summon Small Mammal      Summ           0%         N/A       99%         1
 Confusing Touch          Hex            0%         N/A       100%        3
 Vampiric Draining        Necr           0%         2d6       100%        3


Dungeon Overview and Level Annotations

Branches:
Dungeon (13/15)            Temple (0/1) D:7            Lair (0/5) D:8
    Orc (0/2) D:12         Vaults (0/5) D:13

Altars:
Dithmenos
Elyvilon
Gozag
Kikubaaqudgha
Nemelex Xobeh
Okawaru
Ru
Sif Muna
Trog
Uskayaw
Xom
Zin
The Shining One

Shops:
D:4 =   D:6 *   D:7 ??!!   D:8 *   D:10 *

Portals:
Trove: D:12 (lose all piety)

Annotations:
D:11 exclusion: ice statue
D:13 Lodul, Rupert, Urug


Innate Abilities, Weirdness & Mutations

You are immune to sickness and miasma.
Your stone body is resilient. (AC +9)
You are immune to poison.
You resist negative energy. (rN+)
You are resistant to electric shocks. (rElec)
You are resistant to unholy torment.
You are immune to petrification.


Message History

The centaur warrior hits you but does no damage.
The centaur warrior kicks you but does no damage.
The human hits you but does no damage. x2; Urug zaps a wand.
The roots erupt in riotous growth!
The grasping roots grab you!
The human is unaffected.
The centaur warrior is unaffected.
The human is unaffected.
Rupert is unaffected.
Urug is unaffected.
The human is unaffected.
The grasping roots constrict you.
* * * LOW HITPOINT WARNING * * *
You hear a shout!
You slash Rupert!
Rupert is moderately wounded.
You closely miss the centaur warrior. You slash the human!
You kill the human!
Trog accepts your kill.
You slash the human! You closely miss the human. You hit Urug.
You block Rupert's attack.
The centaur warrior hits you but does no damage.
You block the centaur warrior's attack.
You slash Rupert!
Rupert is heavily wounded.
You closely miss the human. You barely miss Urug.
You closely miss the centaur warrior. You slash the human!
You kill the human!
Trog accepts your kill. Urug hits you with a +2 battleaxe!
* * * LOW HITPOINT WARNING * * *
The grasping roots constrict you.
* * * LOW HITPOINT WARNING * * *
An ogre comes into view. It is wielding a +0 giant club.
Rupert hits you but does no damage.
The centaur warrior hits you but does no damage.
The centaur warrior kicks you but does no damage.
The human hits you but does no damage.
You slash Rupert!
Rupert is heavily wounded.
You barely miss the human. You hit Urug. You hit the centaur warrior.
You slash Lodul!
Rupert hits you with a +3 triple sword of draining!
You die...

#....#
#.......
#....#
#.......
#....#
#.......
#....#
#.......
#....#
#.......
#.##.#
#.......
#.†..#
#.......
####po..#
########
#...@cp.#
#....
#..##@O#.#
+.... #.


ppp.... #.... # .Op....... #.... ..p........ #... ....O........ #...
#.....∩<....... # #..P #.....<>O.......#.#.♣. .....♣..♣ You could see Rupert
(berserk), Lodul, Urug, a centaur warrior, 7 humans and 3 ogres.

Vanquished Creatures
  A sphinx (D:13)
  The ghost of middlethird the Carver, a journeyman MeEE of Cheibriados (D:12)
  A crystal guardian (D:13)
  4 boulder beetles
  5 hydras
  9 centaur warriors
  6 two-headed ogres
  Pikel (D:6)
  A deep elf pyromancer (D:13)
  2 ugly things (D:13)
  5 cyclopes
  3 manticores (D:13)
  A gargoyle (D:11)
  A komodo dragon (D:11)
  2 unseen horror zombies (D:9)
  Grinder (D:5)
  2 hornets
  2 trolls
  A centaur simulacrum (D:13)
  4 wraiths
  3 shadows
  A wyvern (D:7)
  A vampire (D:13)
  3 yaks (D:10)
  9 humans (D:13)
  4 steam dragons
  3 vampire mosquitoes (D:12)
  Duvessa (D:6)
  An acid dragon (D:8)
  A meliai simulacrum (D:13)
  7 orc warriors
  2 sky beasts (D:7)
  2 ice beasts
  4 black bears
  2 ogres
  2 wolves (D:8)
  8 centaurs
  A phantom (D:6)
  4 kobold brigands
  2 lemures (D:6)
  2 necrophages (D:9)
  Blork the orc (D:6)
  4 bullfrogs
  A scorpion (D:6)
  3 wights
  Dowan (D:6)
  8 killer bees
  4 howler monkeys
  5 electric eels
  4 centaur zombies (D:9)
  8 orc priests
  6 hounds
  A human zombie (D:9)
  5 iguanas
  15 orc wizards
  A boggart simulacrum (D:13)
  3 mummies (D:9)
  7 adders
  2 white imps
  3 worms
  6 dart slugs
  47 orcs
  3 ball pythons
  5 endoplasms
  3 giant cockroaches
  6 goblins
  7 hobgoblins
  3 quokkas
  6 bats
  4 frilled lizards
  31 kobolds
  5 rats
324 creatures vanquished.

Vanquished Creatures (others)
  An orc wizard (D:7)
  8 fungi
  6 plants
15 creatures vanquished.

Grand Total: 339 creatures vanquished

Notes
Turn   | Place    | Note
-------+----------+-------------------------------------------
     0 | D:1      | sanboga the Gargoyle Fighter began the quest for the Orb.
     0 | D:1      | Reached XP level 1. HP: 14/14 MP: 1/1
    25 | D:1      | Reached skill level 2 in Axes
    73 | D:1      | Reached XP level 2. HP: 13/19 MP: 2/2
   358 | D:1      | Reached XP level 3. HP: 23/23 MP: 3/3
   367 | D:1      | Found a faded altar of an unknown god.
  1315 | D:3      | Found a white marble altar of Elyvilon.
  1428 | D:3      | Reached XP level 4. HP: 29/29 MP: 4/4
  1538 | D:3      | Found a shadowy altar of Dithmenos.
  1557 | D:3      | Found a hide-covered altar of Uskayaw.
  1841 | D:4      | Found Qynutip's Jewellery Emporium.
  1852 | D:4      | Got A Tutorial on Incantation
  2016 | D:3      | Reached skill level 3 in Axes
  2016 | D:3      | Reached XP level 5. HP: 10/33 MP: 5/5
  2097 | D:4      | Reached XP level 6. HP: 16/39 MP: 6/6
  2266 | D:4      | Found a glowing golden altar of the Shining One.
  2470 | D:4      | Found a sacrificial altar of Ru.
  2811 | D:5      | Entered Level 5 of the Dungeon
  2879 | D:5      | Noticed a black bear
  2892 | D:5      | Killed a black bear
  2893 | D:5      | Reached skill level 4 in Axes
  2945 | D:5      | Found a sparkling altar of Nemelex Xobeh.
  2945 | D:5      | Found a bloodstained altar of Trog.
  2953 | D:5      | Became a worshipper of Trog the Wrathful
  3137 | D:5      | Reached XP level 7. HP: 30/44 MP: 7/7
  3217 | D:5      | Reached skill level 5 in Fighting
  3217 | D:5      | Reached skill level 5 in Shields
  3321 | D:5      | Reached skill level 5 in Armour
  3333 | D:5      | You fall into a shaft and drop 1 floor!
  3393 | D:6      | Reached skill level 5 in Axes
  3413 | D:6      | Found Xorghygug's General Store.
  3438 | D:6      | Found a shimmering altar of Xom.
  3460 | D:6      | Bought a potion of mutation for 80 gold pieces
  3460 | D:6      | Bought a potion of berserk rage for 50 gold pieces
  3460 | D:6      | Bought 2 potions of brilliance for 80 gold pieces
  3460 | D:6      | Bought a scroll of identify for 20 gold pieces
  3634 | D:6      | Noticed Blork the orc
  3644 | D:6      | Killed Blork the orc
  3645 | D:6      | Reached XP level 8. HP: 40/50 MP: 8/8
  3785 | D:6      | Noticed Pikel
  3798 | D:6      | Killed Pikel
  3799 | D:6      | Reached skill level 6 in Axes
  3865 | D:6      | Reached * piety under Trog
  3958 | D:6      | Reached XP level 9. HP: 56/56 MP: 9/9
  4208 | D:5      | Noticed Grinder
  4217 | D:5      | Paralysed by Grinder for 2 turns
  4223 | D:5      | Paralysed by Grinder for 4 turns
  4232 | D:5      | Killed Grinder
  4233 | D:5      | Reached skill level 7 in Axes
  4277 | D:5      | Found an iron altar of Okawaru.
  5152 | D:6      | Noticed Dowan
  5153 | D:6      | Noticed Duvessa
  5169 | D:6      | Killed Duvessa
  5171 | D:6      | Killed Dowan
  5259 | D:6      | Noticed a troll
  5272 | D:6      | Killed a troll
  5493 | D:7      | Reached ** piety under Trog
  5499 | D:7      | Reached skill level 8 in Axes
  5568 | D:7      | Found Qusch's Distillery.
  5573 | D:7      | Bought a potion of flight for 48 gold pieces
  5573 | D:7      | Bought a potion of might for 64 gold pieces
  5623 | D:7      | Found a staircase to the Ecumenical Temple.
  5661 | D:7      | Reached XP level 10. HP: 18/63 MP: 10/10
  5714 | D:7      | Found Toqesij's Magic Scroll Boutique.
  5770 | D:7      | Found Manewn's Magic Scroll Shoppe.
  5865 | D:7      | Found a shimmering blue altar of Sif Muna.
  5917 | D:7      | Bought a scroll of brand weapon for 114 gold pieces
  5970 | D:7      | Found Patunk's Distillery.
  6124 | D:8      | HP: 4/96 [wolf (7)]
  6128 | D:8      | Reached skill level 9 in Axes
  6320 | D:8      | Identified the amulet of Xom's Amusement {RegenMP rElec
                  | rCorr Int+8}
  6368 | D:8      | Found a staircase to the Lair.
  6402 | D:8      | Reached *** piety under Trog
  6607 | D:8      | Found Zin's Purification Station.
  6610 | D:8      | Found a glowing silver altar of Zin.
  6775 | D:8      | Found the +8 trident of the Octopus King {venom, rElec
                  | rPois}
  6884 | D:9      | Found an ancient bone altar of Kikubaaqudgha.
  7020 | D:9      | Identified the +6 battleaxe "Newtslayer" {holy, *Noise
                  | Fragile rC+++ Will+++}
  7235 | D:9      | Reached XP level 11. HP: 69/69 MP: 11/11
  7754 | D:10     | Entered Level 10 of the Dungeon
  7863 | D:10     | Noticed a cyclops
  7864 | D:10     | Found an opulent altar of Gozag.
  7872 | D:10     | Killed a cyclops
  7873 | D:10     | Reached skill level 10 in Axes
  7912 | D:10     | Reached **** piety under Trog
  7921 | D:10     | Identified the +1 broad axe "Vumemnao" {vorpal, rPois SInv
                  | Stlth+}
  8034 | D:10     | Noticed a cyclops
  8037 | D:10     | Found a glowing silver altar of Zin.
  8042 | D:10     | Killed a cyclops
  8128 | D:10     | Noticed a two-headed ogre
  8135 | D:10     | Killed a two-headed ogre
  8187 | D:10     | Noticed a two-headed ogre
  8200 | D:10     | Killed a two-headed ogre
  8245 | D:10     | Noticed a two-headed ogre
  8253 | D:10     | Killed a two-headed ogre
  8318 | D:10     | Noticed a two-headed ogre
  8327 | D:10     | Killed a two-headed ogre
  8699 | D:10     | Found Hovywiut's Elemental Accessories.
  8826 | D:11     | Noticed a two-headed ogre
  8836 | D:11     | Killed a two-headed ogre
  8959 | D:11     | Noticed a seven-headed hydra
  8974 | D:11     | Killed a 16-headed hydra
  8975 | D:11     | Reached skill level 11 in Axes
  9462 | D:11     | Noticed a five-headed hydra
  9481 | D:11     | Killed a 14-headed hydra
  9482 | D:11     | Reached skill level 10 in Shields
  9482 | D:11     | Reached XP level 12. HP: 8/77 MP: 12/12
  9904 | D:11     | Reached skill level 10 in Fighting
  9904 | D:11     | Reached skill level 10 in Armour
 10081 | D:12     | Noticed a boulder beetle
 10093 | D:12     | Killed a boulder beetle
 10185 | D:12     | Found a runed translucent door.
 10288 | D:12     | Found a staircase to the Orcish Mines.
 10374 | D:12     | Identified the +7 trident of the Priest {vorpal, Int+4}
 10392 | D:12     | Noticed a boulder beetle
 10409 | D:12     | Killed a boulder beetle
 10461 | D:12     | Noticed a centaur warrior
 10474 | D:12     | Killed a centaur warrior
 10481 | D:12     | Identified the amulet "Caghutru" {rC+ rN+ Regen+ rCorr}
 10664 | D:12     | Noticed a boulder beetle
 10692 | D:12     | Killed a boulder beetle
 10726 | D:12     | Found a portal to a secret trove of treasure.
 10842 | D:12     | Noticed a six-headed hydra
 10851 | D:12     | Killed a one-headed hydra
 10852 | D:12     | Reached skill level 12 in Axes
 10861 | D:12     | Identified the +3 rapier of Corruption {venom, rElec Int+4
                  | SInv}
 11283 | D:12     | Noticed middlethird's ghost (journeyman MeEE)
 11333 | D:12     | Killed middlethird's ghost
 11368 | D:13     | Noticed a two-headed ogre
 11370 | D:13     | Noticed a centaur warrior
 11381 | D:13     | Killed a centaur warrior
 11381 | D:13     | Noticed a centaur warrior
 11385 | D:13     | Killed a two-headed ogre
 11389 | D:13     | Killed a centaur warrior
 11419 | D:13     | Noticed a centaur warrior
 11428 | D:13     | Killed a centaur warrior
 11429 | D:13     | Reached XP level 13. HP: 63/84 MP: 13/13
 11485 | D:13     | Reached ***** piety under Trog
 11508 | D:13     | Noticed a crystal guardian
 11523 | D:13     | Killed a crystal guardian
 11580 | D:13     | Noticed a sphinx
 11593 | D:13     | Killed a sphinx
 11594 | D:13     | Reached skill level 13 in Axes
 12202 | D:13     | Noticed Rupert
 12202 | D:13     | Noticed Urug
 12203 | D:13     | Found a gate to the Vaults.
 12211 | D:13     | Noticed Lodul
 12220 | D:13     | HP: 5/127 [constriction (2)]
 12221 | D:13     | Slain by Rupert

Illustrated notes

Levels and vault maps discovered:
D:1:      ebering_trefoil_3fold, layout_rooms,
          shapermc_ecumenical_altar_mp_ritualfount
D:2:      layout_loops_ring, minmay_misc_feat_square
D:3:      layout_rooms, grunt_dithmenos_smoke_and_mirrors,
          nicolae_overflow_hidden_temple, old_standard_altar
D:4:      layout_loops_ring, nicolae_ru_sacrificial_ziggurat,
          lemuel_coloured_pillars_altar, serial_shops, nicolae_shop_crystal
D:5:      layout_layer_cave, mainiacjoe_overflow_small_starburst,
          jmf_multi_god_temple, nicolae_concentric_dashed_squares_mild,
          uniq_grinder
D:6:      layout_basic, xom_butterflies, serial_shops, nicolae_shop_waterfront,
          dreamdust_mushroom_princess, uniq_pikel, uniq_duvessa,
          uniq_blork_the_orc
D:7:      layout_basic, mainiacjoe_overflow_concentric_impassable,
          minmay_temple_entry_waves, serial_shops, nicolae_shop_hallway_plus,
          nicolae_shop_competitors_out_of_business, kennysheep_little_box,
          kennysheep_mini_moat
D:8:      layout_basic, zin_purify, erik_lair_island, serial_glass,
          glass_columns_c, glass_columns_b
D:9:      layout_loops_cross, lemuel_mausoleum_altar_kikubaaqudgha,
          serial_aquarium, aquarium_bridge_square [aquarium_subvault_wall,
          aquarium_subvault_wall, aquarium_subvault_bridge,
          aquarium_subvault_window], aquarium_bridge_straight
          [aquarium_subvault_bridge, aquarium_subvault_wall,
          aquarium_subvault_bridge, aquarium_subvault_window],
          aquarium_window_fake, aquarium_window_2, aquarium_window_2,
          aquarium_view_2e
D:10:     layout_basic, chequers_serial_rivers_small_3,
          hangedman_feature_mirror, nicolae_elemental_shop,
          hellmonk_guarded_unrand_dark_maul
D:11:     lemuel_ice_statue, layout_layer_cave
D:12:     layout_irregular_city, david_orc_4, serial_column_ruins,
          column_ruins_open_tiny, column_ruins_columns_dead_end,
          column_ruins_open_tiny, column_ruins_open_small,
          column_ruins_columns_straight, ebering_ghost_reflecting_pool,
          trove_entry_hex_spiral, minmay_diamond_spiral
D:13:     evilmike_diamond_2, layout_stronghold, david_vaults_3, serial_bayou,
          serial_bayou_crossing, serial_bayou_shore_b, serial_bayou_pond_a,
          serial_bayou_pond_a, uniq_lodul, uniq_josephine

Skill      XL: |  1  2  3  4  5  6  7  8  9 10 11 12 13 |
---------------+----------------------------------------+-----
Axes           | 2 3 4 5 6 8 9 11 12 13 | 13.6
Fighting       | 4 5 6 7 8 9 11 | 11.9
Armour         | 4 5 6 7 8 9 11 | 11.9
Shields        | 4 5 6 7 8 10 11 | 11.9

Action                   |  1- 3 |  4- 6 |  7- 9 | 10-12 | 13-15 || total
-------------------------+-------+-------+-------+-------+-------++-------
Melee: War axe           |   103 |   147 |   280 |   345 |       ||   875
       Broad axe         |       |       |       |   306 |   106 ||   412
       Hand axe          |       |       |       |     6 |    19 ||    25
Invok: Berserk           |       |       |     1 |    10 |     3 ||    14
Evoke: Wand              |       |       |       |     1 |       ||     1
  Use: Scroll            |     1 |     2 |     9 |     8 |       ||    20
       Potion            |       |     1 |       |       |       ||     1
Armor: Scale mail        |    61 |   107 |   230 |   160 |       ||   558
       Chain mail        |       |       |       |   216 |       ||   216
       Plate armour      |       |       |       |   299 |   168 ||   467
Dodge: Dodged            |    61 |    84 |   180 |   308 |    45 ||   678
Block: Buckler           |    32 |    54 |    93 |   238 |    66 ||   483
